[Event "45th FIDE Olympiad 2024"]
[Site "Budapest"]
[Date "2024.09.15"]
[Round "5.68"]
[White "Petkov, Momchil"]
[Black "Gretarsson, Helgi Ass"]
[Result "0-1"]
[ECO "D15"]
[WhiteElo "2540"]
[BlackElo "2450"]
[Annotator "TA"]
[PlyCount "102"]
[EventDate "2024.09.05"]
[EventType "team-tourn"]
[EventCountry "HUN"]
[SourceTitle "playchess.com"]
[Source "ChessBase"]
[SourceQuality "1"]
[WhiteTeam "Bulgaria"]
[BlackTeam "Iceland"]
[WhiteTeamCountry "BUL"]
[BlackTeamCountry "ISL"]
[TimeControl "40/5400+30:1800+30"]

1. d4 d5 2. c4 c6 3. Nf3 Nf6 4. Nc3 dxc4 5. e4 b5 6. Be2 {D15: Slav Defence: 4 Nc3 a6 and gambit lines after 4 Nc3 dxc4.} e6 7. O-O Bb7 8. Rb1 Qc7 9. a3 Nbd7 $146 ({Predecessor:} 9... a5 10. a4 b4 11. e5 Nfd7 12. Ne4 c5 13. Ned2 cxd4 14. Nxc4 Nc6 15. Bf4 Bc5 {1-0 Aravindh,C (2671)-Srihari,L (2491) Dubai Police op-A 2024 (2)}) 10. b3 cxb3 11. Qxb3 a6 12. Rd1 h6 13. Bd2 c5 $1 14. d5 e5 (14... c4 15. Bxc4 Rc8 16. Bf1 $14 (16. dxe6 Qxc4 17. exd7+ Nxd7 $11)) ({Black should try} 14... exd5 $1 $17 {Strongly threatening ...c4.} 15. exd5 Be7) 15. Bxb5 $11 axb5 16. Nxb5 Qb8 17. d6 $1 Bxd6 18. Nxd6+ (18. Bxh6 {keeps more tension.} Bd5 19. Rxd5 Nxd5 20. Bxg7 Rh7 21. Qxd5 Ra6 22. Nxd6+ Qxd6 23. Qxd6 Rxd6 24. Bxe5 Nxe5 25. Nxe5 f6 26. Ng4) 18... Qxd6 19. Qxb7 Rb8 20. Qxb8+ Nxb8 21. Bc3 Qxd1+ $1 ({But not} 21... Qc7 $2 22. Bxe5 (22. Nxe5 $2 O-O $19) 22... Qa7 23. Rxb8+ $18) 22. Rxd1 Nxe4 23. Bxe5 O-O 24. Nd2 Rd8 25. Rb1 Rxd2 26. Rxb8+ Kh7 27. h3 (27. Rb1 $15) 27... Rxf2 $17 (27... Nxf2 28. Rb2 Rd5 29. Rxf2 $16) 28. Rb1 Rf5 29. Bb2 c4 30. Rc1 Rc5 31. Bd4 Rc6 32. a4 c3 33. Be3 {[#]} (33. a5 $17) 33... Nf6 (33... Rc4 $1 $19 {has better winning chances.} 34. a5 Ra4) 34. a5 Nd5 35. Kf2 $2 {[%mdl 8192] [#]} (35. Bf2 $17) 35... Rf6+ $1 $19 36. Ke2 Re6 37. Kd3 Nxe3 ({Less strong is} 37... Rxe3+ 38. Kd4 $17) 38. Rxc3 Nxg2 39. Kc4 Ne3+ 40. Kb5 Nf5 41. a6 Nd4+ 42. Ka5 Re1 43. Rc4 Ra1+ 44. Kb6 Rb1+ 45. Kc5 Ne6+ 46. Kc6 Rb8 47. a7 Nd8+ 48. Kc5 Ra8 49. Kb6 $2 (49. Ra4) 49... g5 $19 50. Rc5 Kg6 51. Rd5 f6 0-1

[Event "45th FIDE Olympiad 2024"]
[Site "Budapest"]
[Date "2024.09.15"]
[Round "5.68"]
[White "Cheikhna, Mohamed Lemine"]
[Black "Mtsetfwa, Philani"]
[Result "0-1"]
[ECO "C28"]
[WhiteElo "1884"]
[BlackElo "1688"]
[PlyCount "64"]
[EventDate "2024.09.05"]
[EventType "team-tourn"]
[EventCountry "HUN"]
[WhiteTeam "Mauritania"]
[BlackTeam "Eswatini"]
[WhiteTeamCountry "MAU"]
[TimeControl "40/5400+30:1800+30"]

1. e4 e5 2. Nc3 Nc6 3. Bc4 Nf6 4. d3 Be7 5. a3 d6 6. h3 O-O 7. Nge2 Be6 8. O-O d5 9. exd5 Nxd5 10. Nxd5 Bxd5 11. Bxd5 Qxd5 12. Nc3 Qd7 13. Be3 f5 14. f4 exf4 15. Bxf4 Bc5+ 16. Kh1 Rae8 17. Qd2 Nd4 18. Rae1 Rxe1 19. Rxe1 Ne6 20. Be3 Bd6 21. Ne2 f4 22. Bg1 f3 23. Nd4 Nxd4 24. Bxd4 Bg3 25. Rf1 Qxd4 26. gxf3 Qxb2 27. Qg5 Bf4 28. Qd5+ Kh8 29. Qc5 Bd6 30. Qc4 Qe5 31. Rf2 Qg3 32. Qd4 Re8 {0-} 0-1

[Event "45th FIDE Olympiad 2024"]
[Site "Budapest"]
[Date "2024.09.15"]
[Round "5.69"]
[White "Banusz, Tamas"]
[Black "Henriquez Villagra, Cristobal"]
[Result "0-1"]
[ECO "D02"]
[WhiteElo "2605"]
[BlackElo "2604"]
[Annotator "TA"]
[PlyCount "82"]
[EventDate "2024.09.05"]
[EventType "team-tourn"]
[EventCountry "HUN"]
[SourceTitle "playchess.com"]
[Source "ChessBase"]
[SourceQuality "1"]
[WhiteTeam "Hungary B"]
[BlackTeam "Chile"]
[BlackTeamCountry "CHI"]
[TimeControl "40/5400+30:1800+30"]

1. Nf3 d5 2. g3 Nd7 3. d4 Nb6 4. Nc3 Nf6 5. Bg2 g6 6. O-O Bg7 7. a4 a5 8. Re1 {The position is equal.} Ne4 9. Qd3 f5 (9... Bf5 $5) 10. Bf4 c6 11. h4 Nc4 12. b3 Ncd6 13. Ne5 O-O 14. Nxe4 fxe4 15. Qd2 Qb6 16. Rad1 Be6 17. Qc3 Rac8 {...c5 would now be deadly.} 18. Qc5 (18. e3 $11) 18... Qxc5 $17 19. dxc5 {[#]} Nf5 $1 {[%cal Of5h4] Hoping for ...Nxh4!} 20. e3 Nh6 21. c4 Nf7 22. Nxf7 Rxf7 23. f3 (23. cxd5 $142 cxd5 24. Rf1 (24. Rc1 $2 Bg4 $19)) 23... dxc4 24. bxc4 h6 ({Don't take} 24... Bxc4 25. fxe4 Bc3 26. Rf1 $17) (24... exf3 $17 25. Bxf3 Rcf8 (25... Bxc4 26. Be2 $17) (25... Bc3 26. Re2 $17)) 25. fxe4 $15 Bg4 ({Don't play} 25... Bxc4 26. e5 $11) 26. e5 $1 Bxd1 27. Rxd1 e6 $1 $36 {[%mdl 2048] White is under pressure.} 28. Be4 {[#]} (28. Rd6 $15) 28... g5 $1 $17 29. hxg5 (29. Bg6 Rfc7) 29... hxg5 30. Bxg5 Bxe5 31. Kg2 Rg7 32. Bf4 (32. Bh4 $17 {might work better.}) 32... Bc7 33. Rb1 (33. Bd6 $142) 33... Bxf4 $19 34. exf4 {[%mdl 4096] Endgame. KRR-KRB} Rd8 {Prevents Rd1} 35. Kf3 Rd4 36. Rc1 Rd2 37. Bc2 Rh2 38. Bb1 Rb2 39. Bc2 Kf8 40. g4 Rb4 41. Bd1 Rh7 {Weighted Error Value: White=0.25 (precise) /Black=0.08 (flawless) .  Mistake:       	White=5     	Black=1      Inaccurate:     	White=2     	Black=3      OK:         	White=5     	Black=17     Best:        	White=3     	Black=4      Strong:       	White=1     	Black=2      Brilliant:      	---       	Black=1} 0-1

[Event "45th FIDE Olympiad 2024"]
[Site "Budapest"]
[Date "2024.09.15"]
[Round "5.69"]
[White "Celis, Joel"]
[Black "De Mey, Juan Pablo"]
[Result "0-1"]
[ECO "A06"]
[WhiteElo "1929"]
[BlackElo "1992"]
[PlyCount "101"]
[EventDate "2024.09.05"]
[EventType "team-tourn"]
[EventCountry "HUN"]
[WhiteTeam "Macau"]
[BlackTeam "Aruba"]
[WhiteTeamCountry "MAC"]
[BlackTeamCountry "ARN"]
[TimeControl "40/5400+30:1800+30"]

1. Nf3 Nf6 2. d3 d5 3. Bg5 Nc6 4. Nbd2 Bf5 5. e3 e5 6. d4 exd4 7. exd4 Nb4 8. Bb5+ c6 9. Ba4 b5 10. Bb3 Be7 11. O-O O-O 12. Ne5 Qc7 13. c3 Na6 14. Qf3 Be6 15. a4 bxa4 16. Bxa4 Nb8 17. Nb3 c5 18. Bf4 c4 19. Nd7 Qd8 20. Nxf8 Bg4 21. Qg3 cxb3 22. Nxh7 Kxh7 23. Rfe1 Be6 24. Be5 Nbd7 25. Bc6 Rc8 26. Bb7 Rc4 27. Ba6 Nxe5 28. dxe5 Nd7 29. Bxc4 dxc4 30. Rxa7 Nc5 31. Qf3 g6 32. Rd1 Nd3 33. Qb7 Bc5 34. Ra8 Qb6 35. Qxb6 Bxb6 36. Rd2 Nxe5 37. Rd6 Bc5 38. Rxe6 fxe6 39. Ra4 Kg7 40. Kf1 g5 41. Ke2 Kf6 42. h4 gxh4 43. f4 Nd3 44. Rxc4 Nxb2 45. Rxc5 Na4 46. Rc4 b2 47. Rxa4 b1=Q 48. Rd4 Qc2+ 49. Kf3 Qxc3+ 50. Ke4 Qe1+ 51. Kf3 {0-} 0-1

[Event "45th FIDE Olympiad 2024"]
[Site "Budapest"]
[Date "2024.09.15"]
[Round "5.70"]
[White "Salinas Herrera, Pablo"]
[Black "Prohaszka, Peter"]
[Result "1-0"]
[ECO "C48"]
[WhiteElo "2479"]
[BlackElo "2542"]
[Annotator "TA"]
[PlyCount "139"]
[EventDate "2024.09.05"]
[EventType "team-tourn"]
[EventCountry "HUN"]
[SourceTitle "playchess.com"]
[Source "ChessBase"]
[SourceQuality "1"]
[WhiteTeam "Chile"]
[BlackTeam "Hungary B"]
[WhiteTeamCountry "CHI"]
[TimeControl "40/5400+30:1800+30"]

1. e4 e5 2. Nf3 Nc6 3. Nc3 Nf6 4. Bb5 Bc5 5. O-O O-O 6. Bxc6 dxc6 7. d3 Re8 8. Kh1 Bg4 9. h3 {The position is equal.} Bh5 10. Be3 Nd7 11. g4 Bg6 12. Ne2 Bf8 13. Rg1 Nc5 14. Rg3 f6 15. Nh4 Ne6 16. Qd2 Bc5 17. Nf5 Kh8 18. Rag1 Rg8 19. Qc3 (19. f4 $14) 19... Qf8 20. Bxc5 Qxc5 21. Qxc5 Nxc5 22. f4 Ne6 23. fxe5 fxe5 24. Nh4 {White is more active.} Rgf8 25. Nf3 Nf4 26. Nc3 (26. Nxf4 $16 exf4 27. R3g2) 26... Rae8 $14 27. Rf1 Kg8 28. Kh2 Ne6 29. Rgg1 Nd4 30. Nxd4 exd4 31. Ne2 Rxf1 32. Rxf1 {[%mdl 4096] Endgame. KRB-KRN} c5 33. b3 a5 34. Kg3 a4 35. h4 b6 36. h5 Bf7 37. Nf4 (37. bxa4 Ra8 $16) 37... h6 (37... g5 $14 38. hxg6 hxg6) 38. Kh4 a3 39. Ne2 (39. g5 hxg5+ 40. Kxg5 Re5+ 41. Kg4 Kh7 $19) 39... Be6 40. Ng3 Kh7 41. Nf5 b5 42. Kg3 Rd8 43. Kf4 Bf7 44. Rd1 Kg8 (44... Rg8 $142) 45. Rd2 (45. Rg1 $16) 45... Rd7 (45... Kh7 $14) 46. Re2 Kf8 47. Rf2 Kg8 48. Ke5 (48. Rg2 $18) 48... Kf8 (48... Rd8 $16) 49. Rg2 $18 Rd8 50. Rd2 (50. Kf4 $142) 50... Kg8 $16 (50... Re8+ 51. Kf4 Kg8 52. Rh2) 51. Kf4 ({White should play} 51. Rh2 $16) 51... Kh7 (51... Rd7 $1 $11 {remains equal.}) 52. Rh2 {White leaves nothing to chance now.} Be6 53. Rf2 (53. Ke5 Re8 54. Kf4 Rf8 $11) 53... Bf7 54. Kg3 Be6 55. Ne7 c4 56. Nc6 {Dodges c5} Rd6 {[#]} 57. Ne5 $1 cxb3 (57... Rd8 $16 {was worth a try.}) 58. cxb3 $18 {Ng6 would now be deadly.} Ra6 $2 (58... Rd8 59. Ng6 Bg8) 59. Rf1 $2 (59. Ng6 $18 {and the rest is easy.}) 59... c5 $2 (59... Kg8 $16 60. Rc1 c6) 60. Ng6 {Hoping for Rf8.} ({Not} 60. Rc1 Ra8 $14) 60... c4 61. Rf8 Bg8 62. bxc4 bxc4 63. dxc4 Ra5 $2 (63... d3 64. Rd8 d2) 64. e5 {[%cal Oe5e6] Intending e6! and mate.} d3 65. Rd8 {Threatening mate with e6.} Rd5 {[#]} 66. Rxg8 $1 {White mates.} ({Inferior is} 66. cxd5 d2 $11) 66... Kxg8 67. Ne7+ (67. cxd5 $2 {loses.} d2 68. Ne7+ Kf8 $19 (68... Kh7 $2 69. Kf4 $19)) 67... Kf7 68. Nxd5 d2 69. Nc3 Ke6 70. Kf4 {Weighted Error Value: White=0.25 (precise) /Black=0.27 (precise) .  Loses game:     	---       	Black=1      Missed win:     	White=1     	---        Mistake:       	White=6     	Black=8      Inaccurate:     	White=2     	Black=5      OK:         	White=21    	Black=18     Best:        	White=2     	Black=3      Strong:       	White=1     	---} 1-0

[Event "45th FIDE Olympiad 2024"]
[Site "Budapest"]
[Date "2024.09.15"]
[Round "5.70"]
[White "Stetsenko, Ilya"]
[Black "Mak, Tong Kuan"]
[Result "0-1"]
[ECO "B10"]
[WhiteElo "1903"]
[BlackElo "1902"]
[PlyCount "74"]
[EventDate "2024.09.05"]
[EventType "team-tourn"]
[EventCountry "HUN"]
[WhiteTeam "Aruba"]
[BlackTeam "Macau"]
[WhiteTeamCountry "ARN"]
[BlackTeamCountry "MAC"]
[TimeControl "40/5400+30:1800+30"]

1. e4 c6 2. Nf3 d5 3. d3 dxe4 4. dxe4 Qxd1+ 5. Kxd1 b6 6. Be3 Nf6 7. Bd3 Ng4 8. Ke2 Nxe3 9. Kxe3 g6 10. Nbd2 Bg7 11. c3 Na6 12. Nd4 Bh6+ 13. Ke2 Nc5 14. Rhd1 Nxd3 15. Kxd3 Ba6+ 16. Kc2 c5 17. N4f3 f6 18. e5 Kf7 19. exf6 exf6 20. Ne4 Rad8 21. a4 Be2 22. Nd6+ Kg7 23. Rd5 Bf4 24. Re1 Bxf3 25. Re7+ Kf8 26. Rf7+ Kg8 27. gxf3 Rxd6 28. Rxd6 Bxd6 29. Rxa7 Bxh2 30. Rb7 h5 31. Rxb6 Kg7 32. a5 Ra8 33. a6 h4 34. Rb7+ Kh6 35. a7 Bg1 36. b4 cxb4 37. Rb8 Rxa7 {0-} 0-1

[Event "45th FIDE Olympiad 2024"]
[Site "Budapest"]
[Date "2024.09.15"]
[Round "5.71"]
[White "Antal, Gergely"]
[Black "Vasquez Schroeder, Rodrigo"]
[Result "1/2-1/2"]
[ECO "B51"]
[WhiteElo "2544"]
[BlackElo "2457"]
[Annotator "TA"]
[PlyCount "139"]
[EventDate "2024.09.05"]
[EventType "team-tourn"]
[EventCountry "HUN"]
[SourceTitle "playchess.com"]
[Source "ChessBase"]
[SourceQuality "1"]
[WhiteTeam "Hungary B"]
[BlackTeam "Chile"]
[BlackTeamCountry "CHI"]
[TimeControl "40/5400+30:1800+30"]

1. e4 c5 2. Nf3 d6 3. Bb5+ Nd7 4. O-O a6 5. Be2 Ngf6 6. d3 {B51: Sicilian: Moscow Variation (3 Bb5+) without 3...Bd7.} g6 7. c4 Bg7 8. Nc3 O-O 9. d4 cxd4 10. Nxd4 e6 11. Be3 Qc7 12. Rc1 b6 13. f3 Bb7 14. b4 Rac8 15. Nb3 Qb8 $146 ({Predecessor:} 15... Rfe8 16. Qd2 Qb8 17. Rfd1 Bf8 18. a3 h5 19. Bf1 Be7 20. Qf2 Bd8 {½-½ Jimenez Villena,F-Paunovic,D (2455) Ibercaja op Zaragoza 1991 (5)}) 16. Qe1 d5 17. exd5 exd5 18. c5 Rfe8 19. Qf2 bxc5 20. bxc5 Qc7 21. Bd4 Re6 22. Rfd1 Rce8 23. Bf1 Bh6 24. Rc2 Ne5 25. g3 Nc4 26. Re2 Rxe2 27. Bxe2 Qe7 28. Bxc4 dxc4 29. Na5 Ba8 30. Nxc4 Ng4 31. Qf1 Ne3 32. Nxe3 Bxe3+ 33. Kg2 Bxd4 34. Rxd4 Qe3 35. Rd3 Qxc5 36. Qd1 Kg7 37. Qd2 Qe5 38. Qf2 {[#]} (38. Kf2 $11) 38... g5 $1 $17 39. h3 h5 40. Qd4 Qxd4 41. Rxd4 Re3 42. Ne4 {[#]} g4 $1 43. hxg4 hxg4 44. Nd2 (44. Nd6 $17 Bxf3+ (44... gxf3+ 45. Kf1 $17) 45. Kf1) 44... Re2+ (44... gxf3+ $19 45. Kf1 Ra3 46. Rg4+ Kf6 47. Rf4+ Ke6) 45. Kf1 $17 gxf3 (45... Bxf3 46. Nxf3 gxf3 47. Ra4 $11) 46. Rd3 Rg2 47. a3 $2 (47. Nxf3 $17 Rxa2 (47... Rxg3 $2 48. Ne5 $19) 48. Ne5) 47... Bc6 $19 (47... Rxg3 48. a4 $19) 48. a4 Rxg3 (48... Bxa4 49. Nxf3 Rxg3 50. Kf2 $17) 49. Rd4 Rg6 50. Kf2 Kf8 (50... Rg2+ 51. Ke3 $17) 51. Kf1 Ke7 52. Rf4 Ke6 53. Nb3 Rg5 54. Kf2 $2 (54. Rb4 Ba8 55. Rh4) 54... f6 $2 (54... Ke5 $19 55. Rxf7 Rg2+ (55... Bxa4 56. Rxf3 Bxb3 57. Rxb3 $11) 56. Ke1 Re2+ (56... Bxa4 57. Rxf3 Bb5 58. Re3+ Kd5 59. Kd1 $11) 57. Kf1 Bd5 (57... Bxa4 58. Rxf3 Bb5 59. Kg1 $15)) 55. Ke3 $2 (55. Nd4+ $17 {only move.} Ke5 56. Rh4 (56. Ke3 $2 Bd5 $19) 56... Rg2+ (56... Bxa4 $2 {perishes.} 57. Nxf3+ Kd5 58. Nxg5 $18) 57. Ke3) 55... Kf7 (55... Re5+ $2 56. Kd3 $19) 56. Nd4 Bxa4 (56... Bd5 $142 {aiming for ...Rg2.} 57. Kf2 Kg6) 57. Nxf3 $19 Ra5 58. Nd2 Re5+ 59. Ne4 $2 (59. Kd4 Bc6 60. Nb3) 59... Ke7 $2 (59... f5 $19 {has better winning chances.} 60. Kd3 Bb5+ (60... Rxe4 61. Rxf5+ Ke6 62. Ra5 $15) 61. Kc3 Rxe4 62. Rxf5+ Ke6) 60. Rxf6 $2 (60. Kd4 $17) 60... Bc2 $2 (60... Rxe4+ $1 $19 61. Kxe4 Kxf6) 61. Rf4 $1 $11 Rd5 62. Rf2 Bb3 63. Rd2 Ra5 64. Kd4 Bd5 65. Nc5 Kd6 66. Rh2 Bc6 (66... Rxc5 $5 67. Rh6+ $8 Be6 68. Rxe6+ Kxe6 69. Kxc5 Kf7 $11) 67. Rh6+ Kc7 68. Rh7+ Kb6 69. Nd7+ Bxd7 70. Rxd7 1/2-1/2

[Event "45th FIDE Olympiad 2024"]
[Site "Budapest"]
[Date "2024.09.15"]
[Round "5.71"]
[White "Wong, Kai Meng"]
[Black "Pesqueira, Jose"]
[Result "1-0"]
[ECO "D46"]
[WhiteElo "1795"]
[BlackElo "1880"]
[PlyCount "63"]
[EventDate "2024.09.05"]
[EventType "team-tourn"]
[EventCountry "HUN"]
[WhiteTeam "Macau"]
[BlackTeam "Aruba"]
[WhiteTeamCountry "MAC"]
[BlackTeamCountry "ARN"]
[TimeControl "40/5400+30:1800+30"]

1. d4 d5 2. c4 c6 3. Nc3 Nf6 4. Nf3 a6 5. e3 e6 6. Bd3 Nbd7 7. O-O Bd6 8. Re1 O-O 9. e4 dxe4 10. Nxe4 Nxe4 11. Bxe4 Nf6 12. Bg5 h6 13. Bh4 Be7 14. Bc2 g6 15. Qd3 Nh5 16. Bg3 Nxg3 17. hxg3 Bf6 18. Ne5 Bxe5 19. Rxe5 Qf6 20. Qe3 Kg7 21. f4 Bd7 22. Rf1 Rad8 23. g4 Qh4 24. f5 exf5 25. gxf5 Bxf5 26. Bxf5 gxf5 27. Rf4 Qh5 28. Rexf5 Qg6 29. Qf3 Qe6 30. Rf6 Qxc4 31. Rg4+ Kh7 32. Rxh6+ 1-0

[Event "45th FIDE Olympiad 2024"]
[Site "Budapest"]
[Date "2024.09.15"]
[Round "5.72"]
[White "Lopez Silva, Hugo"]
[Black "Papp, Gabor"]
[Result "0-1"]
[ECO "B33"]
[WhiteElo "2379"]
[BlackElo "2550"]
[Annotator "TA"]
[PlyCount "102"]
[EventDate "2024.09.05"]
[EventType "team-tourn"]
[EventCountry "HUN"]
[SourceTitle "playchess.com"]
[Source "ChessBase"]
[SourceQuality "1"]
[WhiteTeam "Chile"]
[BlackTeam "Hungary B"]
[WhiteTeamCountry "CHI"]
[TimeControl "40/5400+30:1800+30"]

1. e4 c5 2. Nf3 Nc6 3. d4 cxd4 4. Nxd4 Nf6 5. Nc3 e5 6. Ndb5 d6 7. Bg5 a6 8. Na3 b5 9. Nd5 Be7 10. Bxf6 Bxf6 11. c4 b4 12. Nc2 a5 13. g3 g6 14. h4 Bg7 15. h5 {The position is equal.} O-O 16. Bh3 Be6 17. Kf1 a4 18. Kg2 (18. Ncxb4 Nxb4 19. Nxb4 (19. Bxe6 fxe6 20. Nxb4 Qb6 $15) 19... Bxc4+ 20. Kg1 Qb6 $11) 18... b3 19. axb3 axb3 20. Nce3 {Black must now prevent hxg6. Excellent horsemanship.} Bxh3+ (20... Rxa1 $11 21. Qxa1 f5) 21. Rxh3 $16 {Strongly threatening Rxa8.} Ra2 22. hxg6 (22. Rxa2 $16 bxa2 23. Rh1) 22... fxg6 $11 23. Rb1 Nd4 24. Qg4 $1 Rf7 25. f4 $2 (25. Qh4 $11 {and White is okay.} Bf6 26. Qg4) 25... Qa5 $2 (25... exf4 $19 26. gxf4 Qe8) 26. Qd1 (26. Qc8+ $11 {remains equal.} Bf8 27. Ng4 Qd2+ 28. Kh1) 26... exf4 {Black is more active.} 27. gxf4 Ne6 28. Qxb3 Qd2+ {Dancing on a razor blade.} (28... Qa8 $17 29. Kh2 Rb7 (29... Nxf4 30. Nxf4 Rxf4 31. c5+ Kh8 32. cxd6 $15)) 29. Kh1 $1 Rxb2 30. Rxb2 Bxb2 (30... Qxb2 {simplifies} 31. Qxb2 Bxb2 32. f5 Nc5) 31. Qd1 {Repels Qe1+} ({Better is} 31. Qb8+ $11 Nf8 32. c5 (32. Qxd6 Bd4 $11)) 31... Qxd1+ $15 32. Nxd1 Bc1 33. f5 $1 Ng5 34. Rh4 gxf5 35. exf5 Kg7 36. N1e3 Bxe3 37. Nxe3 $11 {[%mdl 4096] Endgame. KRN-KRN} Ra7 38. Kg2 Kf6 39. Rd4 Ke5 40. Rd5+ Kf4 41. Nd1 Ne4 42. f6 $1 Rd7 43. Rd4 {[#] Nc3 would now be deadly.} Ke5 44. Rd5+ Ke6 45. Ne3 Nxf6 46. Ra5 Rc7 47. Kf3 Rf7 48. Rf5 (48. Ng2 $11) 48... Ra7 49. Rb5 Ra3 50. Kf4 Rc3 51. Rf5 $2 {[%mdl 8192] [#]} (51. Rb2 $11) 51... Rxe3 $1 {[%mdl 512] Weighted Error Value: White=0.42/Black=0.22 (precise) .  Loses game:     	White=2     	---        Missed win:     	---       	Black=1      Mistake:       	White=4     	Black=2      Inaccurate:     	White=4     	Black=5      OK:         	White=10    	Black=13     Strong:       	White=4     	---        Brilliant:      	---       	Black=1} 0-1

[Event "45th FIDE Olympiad 2024"]
[Site "Budapest"]
[Date "2024.09.15"]
[Round "5.73"]
[White "Fedoseev, Vladimir"]
[Black "Sadorra, Julio Catalino"]
[Result "0-1"]
[ECO "D52"]
[WhiteElo "2692"]
[BlackElo "2542"]
[Annotator "TA"]
[PlyCount "106"]
[EventDate "2024.09.05"]
[EventType "team-tourn"]
[EventCountry "HUN"]
[SourceTitle "playchess.com"]
[Source "ChessBase"]
[SourceQuality "1"]
[WhiteTeam "Slovenia"]
[BlackTeam "Philippines"]
[WhiteTeamCountry "SLO"]
[BlackTeamCountry "PHI"]
[TimeControl "40/5400+30:1800+30"]

1. d4 d5 2. c4 e6 3. Nc3 Nf6 4. Bg5 c6 5. e3 Nbd7 6. Nf3 Qa5 7. Nd2 Bb4 8. Qc2 dxc4 9. Bxf6 Nxf6 10. Nxc4 Qc7 11. Bd3 O-O 12. O-O Be7 13. Rac1 c5 14. dxc5 {White has an edge.} Qxc5 15. Ne4 Qh5 16. Rfd1 b6 17. Be2 Qh4 18. Bf3 Rb8 19. g3 Qh3 20. Ne5 (20. Ncd6 $142 Bxd6 21. Nxf6+ (21. Rxd6 Ng4 $14) (21. Nxd6 e5 $16) 21... gxf6 22. Rxd6) 20... Qf5 21. Nc6 Qxf3 22. Nd2 {A dynamic duo of knights.} (22. Ng5 $16 Qh5 23. Nxe7+ Kh8 24. Nxc8 Qxg5 25. Nxa7) 22... Qh5 $1 $14 23. Nxb8 {Hoping for Nc6.} Bb7 {[%cal Of6g4] Strongly threatening ...Ng4!} 24. Qc7 $2 {[#]} (24. Nc6 $14 {stays ahead.} Bc5 25. b4 (25. Nxa7 $2 Qh3 $19)) 24... Ng4 $1 $17 {The board is on fire. Black continues to play with concentration.} 25. h4 {[#]} (25. Qxb7 $2 Qxh2+ 26. Kf1 Qxf2#) 25... Bxh4 $1 26. Qxb7 (26. Kf1 $17 {is the only way for White.} Bd5 27. Nd7 (27. gxh4 Qxh4 28. Qg3 Qxg3 $17)) 26... Bxg3 $1 $40 {[%mdl 128] ( -> ...Qh2+). Black attacks with force.} 27. Qh1 (27. Kf1 Nxf2 (27... Rxb8 28. Rc8+ Rxc8 29. Qxc8#) (27... Bxb8 28. a4 $17) 28. Re1) 27... Bxf2+ 28. Kg2 Bh4 (28... Nxe3+ 29. Kxf2 Nxd1+ 30. Rxd1 $17) 29. Nf1 (29. Re1 $142 Nf2 (29... Rxb8 $2 30. Nf3 $19) 30. Qh2) 29... Qg5 30. Nd7 Nf2+ 31. Kh2 Nxh1 32. Nxf8 Kxf8 ({Weaker is} 32... Nf2 33. Rc8 Qe5+ (33... Nxd1 $2 {too greedy.} 34. Nxe6+ $18) 34. Kg1 Nh3+ (34... Nxd1 35. Nxe6+) (34... Qg5+ 35. Kh2 $15) 35. Kg2 Nf4+ (35... Qxb2+ $2 36. Rd2 $18) 36. exf4 Qe2+ (36... Qxb2+ $2 37. Rd2 $18) 37. Kg1 Qg4+ (37... Qxd1 38. Nd7+) (37... Bf2+ 38. Kh1 $11) 38. Kh1 Qf3+ (38... Qxd1 39. Nd7+) 39. Kg1 Qf2+ (39... Qxd1 40. Nd7+) 40. Kh1 Qf3+ (40... Qxf4 41. Nxe6+) 41. Kg1 Qg4+ (41... Qxd1 42. Nd7+) 42. Kh1 Qf3+ $11 (42... Qxd1 43. Nd7+)) (32... Bf2 $142 33. Rc8 Qg1+ 34. Kh3 h5 (34... Bxe3 35. Nxe6#) 35. Nxe6+ Kh7 36. Nxg7 Be1 37. Rc2 Qxf1+ 38. Rg2 Nf2+ 39. Kh2 Ng4+ (39... Nxd1 40. Rg5 Qf2+ 41. Kh1 Qh4+ 42. Kg2 Qxg5+ 43. Kf1 Qxe3 44. Kg2 Qg3+ 45. Kh1 Nf2#) (39... Qh1+ 40. Kg3 Nxd1+ 41. Kf3 Qf1+ 42. Ke4 Qxg2+ 43. Ke5 Kxg7 44. Kd6 Bg3+ 45. Kd7 Qd5+ 46. Kc8 Qc6+ 47. Kd8 Bh4#) 40. Rxg4 hxg4 41. Nf5 Qxf5 42. Rd2 Bxd2 43. Kg3 Qf3+ (43... Bxe3 $2 44. Kh2 Qh5+ 45. Kg3 Qh3#) 44. Kh4 Kg6 45. b3 Qh3#) 33. Kxh1 g6 34. Rd2 Qf5 35. Kg1 Qe5 36. Rc4 Bg5 37. Kf2 Kg7 38. b3 h5 39. Rd7 Qb2+ 40. Nd2 Qe5 41. Nf1 Qf5+ 42. Ke2 Qh3 43. Kf2 Qh1 44. Ke2 b5 45. Rc1 Qg2+ 46. Kd3 h4 47. Nd2 Qf2 48. Rf1 Qxe3+ 49. Kc2 Bf4 {...h3 would now be deadly.} 50. b4 g5 {Threatens to win with ...Qe2.} 51. Rf3 Qe2 52. a3 e5 {White must now prevent ...e4.} 53. Rc3 e4 {Weighted Error Value: White=0.83/Black=0.29 (precise) .  Mistake:       	White=6     	---        Inaccurate:     	White=1     	Black=1      OK:         	White=9     	Black=6      Best:        	White=1     	Black=2      Strong:       	---       	Black=4} 0-1

[Event "45th FIDE Olympiad 2024"]
[Site "Budapest"]
[Date "2024.09.15"]
[Round "5.73"]
[White "D`amico, Nicola"]
[Black "Fancy, Stuart"]
[Result "0-1"]
[ECO "B22"]
[WhiteElo "1801"]
[BlackElo "1921"]
[PlyCount "44"]
[EventDate "2024.09.05"]
[EventType "team-tourn"]
[EventCountry "HUN"]
[WhiteTeam "San Marino"]
[BlackTeam "Papua New Guinea"]
[WhiteTeamCountry "SMR"]
[BlackTeamCountry "PNG"]
[TimeControl "40/5400+30:1800+30"]

1. e4 c5 2. Nf3 e6 3. c3 Nf6 4. e5 Nd5 5. d4 cxd4 6. cxd4 Nc6 7. a3 Be7 8. Bc4 Nb6 9. Bd3 d6 10. O-O O-O 11. Nc3 Nd5 12. Ne4 dxe5 13. dxe5 Qc7 14. Re1 h6 15. Ng3 Bc5 16. Bb1 Nce7 17. Qd3 Ng6 18. Nh4 Nde7 19. Nh5 Qb6 20. Be3 Bxe3 21. Rxe3 Qxb2 22. Ra2 Qc1+ {0-} 0-1